 Dungeon Crawl Stone Soup version 0.24-a0-693-g39a19ac0f1 (webtiles) character file.

Game seed: 10892638432379569363, levelgen mode: deterministic

74 Kairok the Sneak (level 4, -1/23 HPs)
             Began as a Vine Stalker Assassin on Sept 28, 2019.
             Killed from afar by Ijyb (7 damage)
             ... with a bolt of acid
             ... on level 3 of the Dungeon.
             The game lasted 00:01:53 (1959 turns).

Kairok the Sneak (Vine Stalker Assassin)            Turns: 1959, Time: 00:01:54

Health: -1/23      AC:  5    Str: 13    XL:     4   Next: 30%
Magic:  0/5        EV: 12    Int: 11    God:
Gold:   195        SH:  0    Dex: 17    Spells: 3/3 levels left

rFire    . . .     SeeInvis .   a - +2 dagger
rCold    . . .     Gourm    .   (no shield)
rNeg     . . .     Faith    .   n - +2 robe {MR+}
rPois    .         Spirit   +   (no helmet)
rElec    .         Reflect  .   c - +0 cloak
rCorr    .         Harm     .   (no gloves)
MR       +....                  (no boots)
Stlth    +++.......             (no amulet)
HPRegen  0.47/turn              (no ring)
MPRegen  0.09/turn              (no ring)

@: no status effects
A: fangs 2, regeneration 1, magic shield, antimagic bite, no potion heal 3, rot
immunity
a: no special abilities


You were on level 3 of the Dungeon.
You were not hungry.

You visited 1 branch of the dungeon, and saw 3 of its levels.

You collected 195 gold pieces.

Inventory:

Hand Weapons
 a - a +2 dagger (weapon)
Missiles
 d - 47 poisoned darts (quivered)
 e - 2 curare-tipped darts
Armour
 b - a +0 robe
 c - a +0 cloak (worn)
 g - a +0 leather armour
 n - a +2 robe of magic resistance (worn)
Wands
 j - a wand of iceblast (7)
Scrolls
 h - a scroll of identify {unknown}
 i - a scroll of remove curse
Potions
 m - a potion of invisibility
Comestibles
 f - a ration


   Skills:
 + Level 2.1 Fighting
 + Level 2.0 Short Blades
 + Level 1.8 Throwing
 + Level 0.9 Armour
 + Level 0.9 Dodging
 + Level 6.3 Stealth


You had 3 spell levels left.
You didn't know any spells.
Your spell library was empty.

Dungeon Overview and Level Annotations

Branches:
Dungeon (3/15)

Altars:
Gozag
Ru
The Shining One

Annotations:
D:3 Ijyb


Innate Abilities, Weirdness & Mutations

You have extremely sharp teeth.
Your natural rate of healing is unusually fast.
When hurt, damage is shared between your health and your magic reserves.
Your bite disrupts and absorbs the magic of your enemies.
Potions cannot restore your health.
You are immune to rotting.


Message History

You are too injured to fight recklessly!
You are too injured to fight recklessly!
You are too injured to fight recklessly!
You are too injured to fight recklessly!
Evoke which item? (* to show all) (? for menu, Esc to quit)
Okay, then.
Evoke which item? (* to show all) (? for menu, Esc to quit)
Aiming: Iceblast
Press: ? - help, Shift-Dir - straight line The mass of ice explodes!
The iceblast engulfs Ijyb!
Ijyb is heavily wounded.
You hear a shout!
You hear an angry hiss.
Ijyb hits you but does no damage.
Evoke which item? (* to show all) (? for menu, Esc to quit)
Aiming: Iceblast
Press: ? - help, Shift-Dir - straight line The mass of ice explodes!
The iceblast engulfs Ijyb!
Ijyb is almost dead.
Ijyb zaps a wand.
The bolt of acid hits you!
You die...

.# #.# #.#
##.######
#.......#
#.......#
#######.......##
.......g........
..######@######
#...#..
..####.###.#
...........#.####.
....######.#......
... #..#
...#######.##
#....# #..#
#....####.####.#


You could see Ijyb.

Vanquished Creatures
  Jessica (D:2)
  An adder (D:3)
  A worm (D:2)
  A dart slug (D:1)
  2 leopard geckos
  4 giant cockroaches
  4 goblins
  4 hobgoblins
  A quokka (D:3)
  7 bats
  A frilled lizard (D:3)
  A quokka skeleton (D:2)
  7 rats
35 creatures vanquished.

Notes
Turn   | Place    | Note
-------+----------+-------------------------------------------
     0 | D:1      | Kairok the Vine Stalker Assassin began the quest for the
                  | Orb.
     0 | D:1      | Reached XP level 1. HP: 11/11 MP: 2/2
   104 | D:1      | Reached skill level 5 in Stealth
   150 | D:1      | Reached XP level 2. HP: 7/15 MP: 3/3
   700 | D:2      | Reached XP level 3. HP: 18/18 MP: 4/4
   776 | D:2      | Found a sacrificial altar of Ru.
  1248 | D:2      | Noticed Jessica
  1251 | D:2      | Killed Jessica
  1251 | D:2      | Reached skill level 6 in Stealth
  1251 | D:2      | Gained mutation: Your natural rate of healing is unusually
                  | fast. [Vine Stalker growth]
  1251 | D:2      | Reached XP level 4. HP: 23/23 MP: 5/5
  1331 | D:2      | Found a glowing golden altar of the Shining One.
  1755 | D:3      | Found an opulent altar of Gozag.
  1954 | D:3      | Noticed Ijyb
  1959 | D:3      | Killed from afar by Ijyb

Levels and vault maps discovered:
D:1:      giann_bridges, layout_basic
D:2:      layout_basic, nicolae_ru_sacrificial_ziggurat,
          nicolae_overflow_hidden_temple, minmay_hedge_maze,
          minmay_misc_feat_columns, minmay_bisected, uniq_jessica
D:3:      layout_basic, grunt_gozag_breadcrumbs, first_ration,
          chequers_ecumenical_altar_island, uniq_ijyb

Skill      XL: |  1  2  3  4 |
---------------+-------------+-----
Stealth        | 5 6 |  6.3
Fighting       | 2 |  2.1
Short Blades   | 2 |  2.0
Throwing       | |  1.8
Armour         | |  0.9
Dodging        | |  0.9

Action                   |  1- 3 |  4- 6 || total
-------------------------+-------+-------++-------
Melee: Dagger            |    56 |    18 ||    74
       Bite              |     8 |     5 ||    13
Throw: Dart              |     1 |       ||     1
Evoke: Wand              |       |     2 ||     2
  Use: Scroll            |     1 |     3 ||     4
       Potion            |     1 |     2 ||     3
 Stab: Sleeping          |    11 |     1 ||    12
       Distracted        |       |     1 ||     1
  Eat: Chunk             |       |     3 ||     3
Armor: Leather armour    |     5 |       ||     5
       Robe              |       |     3 ||     3
Dodge: Dodged            |    21 |     8 ||    29

Table legend:
 A = Non-vault XP
 B = Vault XP
 C = Vault XP percentage of total XP
 D = Non-vault monster count
 E = Vault monster count
 F = Vault count percentage of total count
                 A         B        C        D         E       F
            +---------+---------+-------+---------+---------+-------
      Total |      69 |      38 |  35.5 |      33 |       2 |   5.7
            +---------+---------+-------+---------+---------+-------
        D:1 |      27 |       0 |   0.0 |      16 |       0 |   0.0
        D:2 |      18 |      38 |  67.9 |      10 |       2 |  16.7
        D:3 |      24 |       0 |   0.0 |       7 |       0 |   0.0
            +---------+---------+-------+---------+---------+-------
